TOP OF THE 1ST |
Orlando Calrissian batting - Pitching for Austin River Sharks : RHP José Pérez
|
Pitching: RHP José Pérez
|
|
Batting: LHB Craig Kenney
|
0-0: Ball 1-0: Ball 2-0: Foul Ball, location: 2F 2-1: Ground out 4-3 (Groundball, 4)
|
Batting: SHB Tim Abbott
|
0-0: Foul Ball, location: 2F 0-1: Ball 1-1: Called Strike 1-2: Foul Ball, location: 2F 1-2: Ball 2-2: Foul Ball, location: 2F 2-2: Ball 3-2: Base on Balls
|
Batting: RHB Rich Anderson
|
0-0: SINGLE (Line Drive, 56D) Tim Abbott to second
|
Batting: RHB Raúl Canó
|
0-0: Hit by Pitch Tim Abbott to third Rich Anderson to second
|
Batting: RHB Frederico Hernández
|
0-0: Ball 1-0: Swinging Strike 1-1: Foul Ball, location: 2F 1-2: Foul Ball, location: 2F 1-2: Strikes out swinging
|
Batting: RHB Sean White
|
0-0: Called Strike 0-1: Ball 1-1: Ball 2-1: SINGLE (Line Drive, 56D) Tim Abbott scores Rich Anderson to third Raúl Canó to second
|
Batting: RHB Gabriel Ángel
|
0-0: SINGLE (Flyball, 8RS) Rich Anderson scores Raúl Canó to third Sean White to second
|
Batting: LHB Juan Colón
|
0-0: Ball 1-0: Ball 2-0: Ball 3-0: Called Strike 3-1: Swinging Strike 3-2: Strikes out swinging
|
Top of the 1st over - 2 runs, 3 hits, 0 errors, 3 left on base; Orlando 2 - Austin 0 |
BOTTOM OF THE 1ST |
Austin River Sharks batting - Pitching for Orlando Calrissian : RHP Arthur Melton
|
Pitching: RHP Arthur Melton
|
|
Batting: RHB Tom Rowe
|
0-0: Foul Ball, location: 2F 0-1: SINGLE (Groundball, 13S) (infield hit)
|
Batting: RHB Richard Coker
|
0-0: Ball 1-0: Swinging Strike 1-1: Ball 2-1: Ball 3-1: Base on Balls Tom Rowe to second
|
Batting: RHB Edward Young
|
0-0: Ball 1-0: Swinging Strike 1-1: Ball 2-1: Fly out, F9 (Flyball, 9S)
|
Batting: LHB Fred Abrams
|
0-0: DOUBLE (Groundball, 3L) Tom Rowe scores Richard Coker to third
|
Batting: RHB Tony Cruz
|
0-0: Ball 1-0: Called Strike 1-1: Foul Ball, location: 2F 1-2: SINGLE (Line Drive, 9S) Richard Coker scores Fred Abrams to third Runner from 3rd tries for Home, SAFE, throw made home
|
Batting: LHB Enrico Vargas
|
0-0: Ball 1-0: Called Strike 1-1: Swinging Strike 1-2: Ball 2-2: SINGLE (Flyball, 9LS) Tony Cruz to second Runner from 2nd tries for 3rd, OUT! Enrico Vargas to second
|
Batting: RHB Jesús Hernández
|
0-0: Ball 1-0: Swinging Strike 1-1: Foul Ball, location: 2F 1-2: Foul Ball, location: 2F 1-2: Ball 2-2: Foul Ball, location: 2F 2-2: SINGLE (Groundball, 6D) Enrico Vargas to third Runner from 3rd tries for Home, SAFE, no throw
|
Batting: LHB José Liñares
|
0-0: Ball 1-0: Ball 2-0: Foul Ball, location: 2F 2-1: DOUBLE (Flyball, 8LXD) Jesús Hernández to third
|
Batting: RHB Andy Aiton
|
0-0: Called Strike 0-1: Ball 1-1: Fly out, F6 (Line Drive, 6)
|
Bottom of the 1st over - 4 runs, 6 hits, 0 errors, 2 left on base; Orlando 2 - Austin 4 |
TOP OF THE 2ND |
Orlando Calrissian batting - Pitching for Austin River Sharks : RHP José Pérez
|
Batting: RHB Robby Lewis
|
0-0: Swinging Strike 0-1: Ball 1-1: Fly out, F3 (Popup, 23F)
|
Batting: LHB Craig Kenney
|
0-0: Ball 1-0: Foul Ball, location: 2F 1-1: SINGLE (Line Drive, 78S)
|
Batting: SHB Tim Abbott
|
0-0: Ball 1-0: Called Strike 1-1: Ball 2-1: Ground out 4-3 (Groundball, 34) Craig Kenney to second
|
Batting: RHB Rich Anderson
|
0-0: Called Strike 0-1: Foul Ball, location: 2F 0-2: Ball 1-2: Foul Ball, location: 2F 1-2: Foul Ball, location: 2F 1-2: Foul Ball, location: 2F 1-2: Ball 2-2: Fly out, F4 (Popup, 4D)
|
Top of the 2nd over - 0 runs, 1 hit, 0 errors, 1 left on base; Orlando 2 - Austin 4 |
BOTTOM OF THE 2ND |
Austin River Sharks batting - Pitching for Orlando Calrissian : RHP Arthur Melton
|
Batting: RHB Tom Rowe
|
0-0: Ball 1-0: Swinging Strike 1-1: Bunt for hit - play at first, batter safe!
|
Batting: RHB Richard Coker
|
0-0: Ball 1-0: Ball 2-0: Called Strike 2-1: Ball 3-1: Base on Balls Tom Rowe to second
|
Batting: RHB Edward Young
|
0-0: Ball 1-0: Ball Wild Pitch! Tom Rowe to third Richard Coker to second 2-0: Called Strike 2-1: DOUBLE (Flyball, 78D) Tom Rowe scores Richard Coker scores
|
Batting: LHB Fred Abrams
|
0-0: DOUBLE (Line Drive, 9LS) Edward Young scores
|
Batting: RHB Tony Cruz
|
0-0: Ball 1-0: Ball 2-0: Called Strike 2-1: Called Strike 2-2: Fly out, F5 (Line Drive, 56)
|
Batting: LHB Enrico Vargas
|
0-0: Called Strike 0-1: SINGLE (Groundball, 56D) Fred Abrams to third Runner from 3rd tries for Home, SAFE, no throw
|
Batting: RHB Jesús Hernández
|
0-0: Ball 1-0: Foul Ball, location: 2F 1-1: Swinging Strike 1-2: Strikes out swinging
|
Batting: LHB José Liñares
|
0-0: Ball 1-0: Ball 2-0: Ball 3-0: Base on Balls Enrico Vargas to second
|
Batting: RHB Andy Aiton
|
0-0: Ball 1-0: Called Strike 1-1: Foul Ball, location: 2F 1-2: Strikes out swinging
|
Bottom of the 2nd over - 4 runs, 4 hits, 0 errors, 2 left on base; Orlando 2 - Austin 8 |
TOP OF THE 3RD |
Orlando Calrissian batting - Pitching for Austin River Sharks : RHP José Pérez
|
Batting: RHB Raúl Canó
|
0-0: Foul Ball, location: 2F 0-1: Fly out, F7 (Flyball, 78D)
|
Batting: RHB Frederico Hernández
|
0-0: Called Strike 0-1: Fly out, F2 (Popup, 15S)
|
Batting: RHB Sean White
|
0-0: Called Strike 0-1: Called Strike 0-2: Ball 1-2: Ground out 4-3 (Groundball, 4MS)
|
Top of the 3rd over - 0 runs, 0 hits, 0 errors, 0 left on base; Orlando 2 - Austin 8 |
BOTTOM OF THE 3RD |
Austin River Sharks batting - Pitching for Orlando Calrissian : RHP Arthur Melton
|
Batting: RHB Tom Rowe
|
0-0: Called Strike 0-1: Called Strike 0-2: Ball 1-2: SINGLE (Flyball, 34D)
|
Batting: RHB Richard Coker
|
0-0: Ball 1-0: Called Strike 1-1: Swinging Strike 1-2: Strikes out swinging
|
Batting: RHB Edward Young
|
0-0: Foul Ball, location: 2F 0-1: Called Strike 0-2: Foul Ball, location: 2F 0-2: Ball 1-2: Fly out, F7 (Flyball, 7)
|
Batting: LHB Fred Abrams
|
0-0: Ball 1-0: Swinging Strike 1-1: Called Strike 1-2: SINGLE (Line Drive, 4MD) Tom Rowe to second
|
Batting: RHB Tony Cruz
|
0-0: Ball Fred Abrams is caught stealing 2nd base
|
Bottom of the 3rd over - 0 runs, 2 hits, 0 errors, 1 left on base; Orlando 2 - Austin 8 |
TOP OF THE 4TH |
Orlando Calrissian batting - Pitching for Austin River Sharks : RHP José Pérez
|
Batting: RHB Gabriel Ángel
|
0-0: Ball 1-0: Called Strike 1-1: Swinging Strike 1-2: Strikes out looking
|
Batting: LHB Juan Colón
|
0-0: Swinging Strike 0-1: Called Strike 0-2: Foul Ball, location: 2F 0-2: Strikes out looking
|
Batting: RHB Robby Lewis
|
0-0: Ball 1-0: Ball 2-0: Ball 3-0: Called Strike 3-1: Base on Balls
|
Batting: LHB Craig Kenney
|
0-0: Ball 1-0: Foul Ball, location: 2F 1-1: Ball 2-1: Foul Ball, location: 2F 2-2: Fly out, F7 (Flyball, 7S)
|
Top of the 4th over - 0 runs, 0 hits, 0 errors, 1 left on base; Orlando 2 - Austin 8 |
BOTTOM OF THE 4TH |
Austin River Sharks batting - Pitching for Orlando Calrissian : RHP Arthur Melton
|
Batting: RHB Tony Cruz
|
0-0: Ball 1-0: Ground out 6-3 (Groundball, 6)
|
Batting: LHB Enrico Vargas
|
0-0: Called Strike 0-1: Ball 1-1: Ground out U3 (Groundball, 3)
|
Batting: RHB Jesús Hernández
|
0-0: Called Strike 0-1: Ball 1-1: Ball 2-1: Foul Ball, location: 2F 2-2: Foul Ball, location: 2F 2-2: Ball 3-2: SINGLE (Line Drive, 89S)
|
Pitching: RHP Lance Sanders
|
|
Batting: LHB José Liñares
|
0-0: Ball 1-0: Ball 2-0: SINGLE (Groundball, 6MS) (infield hit) Jesús Hernández to second
|
Batting: RHB Andy Aiton
|
0-0: Ball 1-0: SINGLE (Groundball, 4MD) Jesús Hernández to third José Liñares to second Runner from 3rd tries for Home, SAFE, no throw
|
Batting: RHB Tom Rowe
|
0-0: Foul Ball, location: 2F 0-1: Fielders Choice at 2nd, 6-4 (Groundball, 6)
|
Bottom of the 4th over - 1 run, 3 hits, 0 errors, 2 left on base; Orlando 2 - Austin 9 |
TOP OF THE 5TH |
Orlando Calrissian batting - Pitching for Austin River Sharks : RHP José Pérez
|
Batting: SHB Tim Abbott
|
0-0: Ball 1-0: Ball 2-0: Ball 3-0: Called Strike 3-1: Called Strike 3-2: Foul Ball, location: 2F 3-2: Foul Ball, location: 2F 3-2: Foul Ball, location: 2F 3-2: Base on Balls
|
Batting: RHB Rich Anderson
|
0-0: Foul Ball, location: 2F 0-1: Ball 1-1: Fly out, F7 (Flyball, 78D)
|
Batting: RHB Raúl Canó
|
0-0: Called Strike Tim Abbott steals 2nd base 0-1: Foul Ball, location: 2F 0-2: Ball 1-2: Foul Ball, location: 2F 1-2: Strikes out swinging
|
Batting: RHB Frederico Hernández
|
0-0: Foul Ball, location: 2F 0-1: Foul Ball, location: 2F 0-2: Ball 1-2: Ball 2-2: Ball 3-2: Fly out, F7 (Flyball, 78S)
|
Top of the 5th over - 0 runs, 0 hits, 0 errors, 1 left on base; Orlando 2 - Austin 9 |
BOTTOM OF THE 5TH |
Austin River Sharks batting - Pitching for Orlando Calrissian : RHP Lance Sanders
|
Batting: RHB Richard Coker
|
0-0: Called Strike 0-1: Ball 1-1: Ball 2-1: Ball 3-1: SINGLE (Line Drive, 8RS)
|
Batting: RHB Edward Young
|
0-0: Ball 1-0: Ball 2-0: Ball 3-0: Called Strike 3-1: Base on Balls Richard Coker to second
|
Batting: LHB Fred Abrams
|
0-0: Ball 1-0: SINGLE (Flyball, 89S) Richard Coker to third Edward Young to second Runner from 3rd tries for Home, SAFE, no throw
|
Batting: RHB Tony Cruz
|
0-0: Ball 1-0: Foul Ball, location: 2F 1-1: Ball 2-1: Called Strike 2-2: Ball 3-2: Foul Ball, location: 2F 3-2: Grounds into double play, 6-4-3 (Groundball, 6M) Edward Young to third
|
Batting: LHB Enrico Vargas
|
0-0: Ball 1-0: Ball 2-0: Foul Ball, location: 2F 2-1: Ground out 3-1 (Groundball, 34S)
|
Bottom of the 5th over - 1 run, 2 hits, 0 errors, 1 left on base; Orlando 2 - Austin 10 |
TOP OF THE 6TH |
Orlando Calrissian batting - Pitching for Austin River Sharks : RHP José Pérez
|
Batting: RHB Sean White
|
0-0: SINGLE (Groundball, 6MD)
|
Batting: RHB Gabriel Ángel
|
0-0: Called Strike 0-1: Called Strike 0-2: Ball 1-2: Ball 2-2: Ball 3-2: Foul Ball, location: 2F 3-2: Fly out, F8 (Flyball, 8LXD)
|
Batting: LHB Juan Colón
|
0-0: 2-RUN HOME RUN (Flyball, 9D), Distance : 395 ft
|
Batting: RHB Robby Lewis
|
0-0: Ball 1-0: Swinging Strike 1-1: Foul Ball, location: 2F 1-2: Strikes out swinging
|
Batting: LHB Craig Kenney
|
0-0: Foul Ball, location: 2F 0-1: Ground out 5-3 (Groundball, 56)
|
Top of the 6th over - 2 runs, 2 hits, 0 errors, 0 left on base; Orlando 4 - Austin 10 |
BOTTOM OF THE 6TH |
Austin River Sharks batting - Pitching for Orlando Calrissian : RHP Lance Sanders
|
Pitching: LHP Xavier Velázquez
|
|
Batting: RHB Jesús Hernández
|
0-0: Swinging Strike 0-1: Called Strike 0-2: Ball 1-2: DOUBLE (Line Drive, 9LS)
|
Batting: LHB José Liñares
|
0-0: Ball Passed Ball! Jesús Hernández to third 1-0: Ball 2-0: Ground out 5-3 (Groundball, 56) Jesús Hernández scores
|
Batting: RHB Andy Aiton
|
0-0: Called Strike 0-1: Foul Ball, location: 2F 0-2: Fly out, F3 (Popup, 3S)
|
Batting: RHB Tom Rowe
|
0-0: Fly out, F6 (Flyball, 56D)
|
Bottom of the 6th over - 1 run, 1 hit, 0 errors, 0 left on base; Orlando 4 - Austin 11 |
TOP OF THE 7TH |
Orlando Calrissian batting - Pitching for Austin River Sharks : RHP José Pérez
|
Batting: SHB Tim Abbott
|
0-0: Ground out 4-3 (Groundball, 4)
|
Batting: RHB Rich Anderson
|
0-0: Ground out 6-3 (Groundball, 6)
|
Batting: RHB Raúl Canó
|
0-0: Ball 1-0: Ball 2-0: Foul Ball, location: 2F 2-1: Foul Ball, location: 2F 2-2: SINGLE (Flyball, 8LS)
|
Pitching: RHP Lorenzo Montáñez
|
|
Batting: RHB Frederico Hernández
|
0-0: Ball 1-0: Ball 2-0: Called Strike 2-1: Ball 3-1: Base on Balls Raúl Canó to second
|
Batting: RHB Sean White
|
0-0: Called Strike 0-1: Foul Ball, location: 2F 0-2: Strikes out swinging
|
Top of the 7th over - 0 runs, 1 hit, 0 errors, 2 left on base; Orlando 4 - Austin 11 |
BOTTOM OF THE 7TH |
Austin River Sharks batting - Pitching for Orlando Calrissian : LHP Xavier Velázquez
|
Batting: RHB Richard Coker
|
0-0: Called Strike 0-1: Called Strike 0-2: Ball 1-2: Foul Ball, location: 2F 1-2: Fly out, F8 (Flyball, 8LS)
|
Batting: RHB Edward Young
|
0-0: Called Strike 0-1: Ball 1-1: Called Strike 1-2: Ball 2-2: Fly out, F7 (Flyball, 7LSF)
|
Batting: LHB Fred Abrams
|
0-0: Called Strike 0-1: Ball 1-1: Foul Ball, location: 2F 1-2: Strikes out swinging
|
Bottom of the 7th over - 0 runs, 0 hits, 0 errors, 0 left on base; Orlando 4 - Austin 11 |
TOP OF THE 8TH |
Orlando Calrissian batting - Pitching for Austin River Sharks : RHP Lorenzo Montáñez
|
Batting: RHB Gabriel Ángel
|
0-0: Ball 1-0: Swinging Strike 1-1: Ball 2-1: Foul Ball, location: 2F 2-2: Foul Ball, location: 2F 2-2: Fly out, F7 (Flyball, 7S)
|
Batting: LHB Juan Colón
|
0-0: Foul Ball, location: 2F 0-1: Foul Ball, location: 2F 0-2: SINGLE (Line Drive, 89S)
|
Batting: RHB Robby Lewis
|
0-0: SINGLE (Line Drive, 78M) Juan Colón to second
|
Batting: LHB Craig Kenney
|
Balk! Juan Colón to third Robby Lewis to second 0-0: Foul Ball, location: 2F 0-1: Called Strike 0-2: Ball 1-2: Foul Ball, location: 2F 1-2: Ball 2-2: Foul Ball, location: 2F 2-2: Fly out, F4 (Popup, 4MD)
|
Batting: SHB Tim Abbott
|
0-0: Ball 1-0: Swinging Strike 1-1: Ground out U3 (Groundball, 3)
|
Top of the 8th over - 0 runs, 2 hits, 0 errors, 2 left on base; Orlando 4 - Austin 11 |
BOTTOM OF THE 8TH |
Austin River Sharks batting - Pitching for Orlando Calrissian : LHP Xavier Velázquez
|
Batting: RHB Tony Cruz
|
0-0: Ball 1-0: Called Strike 1-1: Foul Ball, location: 2F 1-2: Ball 2-2: Strikes out swinging
|
Pitching: LHP Keith Jennings
|
|
Batting: LHB Enrico Vargas
|
0-0: Ball 1-0: Called Strike 1-1: Ball 2-1: Ground out 4-3 (Groundball, 4)
|
Pitching: LHP Mike Murray
|
|
Batting: RHB Jesús Hernández
|
0-0: Ball 1-0: Ground out 4-3 (Groundball, 4MD)
|
Bottom of the 8th over - 0 runs, 0 hits, 0 errors, 0 left on base; Orlando 4 - Austin 11 |
TOP OF THE 9TH |
Orlando Calrissian batting - Pitching for Austin River Sharks : RHP Lorenzo Montáñez
|
Batting: RHB Rich Anderson
|
0-0: Ball 1-0: DOUBLE (Flyball, 8LXD)
|
Batting: RHB Raúl Canó
|
0-0: Ball 1-0: Foul Ball, location: 2F 1-1: Fly out, F9 (Flyball, 89XD) Runner from 2nd tags up, SAFE at 3rd, no throw
|
Batting: RHB Frederico Hernández
|
0-0: Ball 1-0: Foul Ball, location: 2F 1-1: Foul Ball, location: 2F 1-2: Ball 2-2: Ball 3-2: Fly out, F5 (Line Drive, 5) Lined into DP, U5 (Line Drive, 5)
|
Top of the 9th over - 0 runs, 1 hit, 0 errors, 0 left on base; Orlando 4 - Austin 11 |
|